 Dungeon Crawl Stone Soup version 0.17-a0-1769-g54adf96 (webtiles) character file.

109 kae the Slasher (level 4, -10/43 HPs)
             Began as a High Elf Skald on Sept 7, 2015.
             Mangled by an orc wizard
             ... wielding a +2 dagger of electrocution
              (16 damage)
             ... on level 3 of the Dungeon.
             The game lasted 00:02:50 (3075 turns).

kae the Slasher (High Elf Skald)                    Turns: 3075, Time: 00:02:51

Health: -10/43     AC: 22    Str: 12    XL:     4   Next: 60%
Magic:  6/8        EV:  2    Int: 15    God:
Gold:   66         SH:  0    Dex: 15    Spells: 1 memorised, 6 levels left

rFire  . . .     SeeInvis .     a - +0 falchion
rCold  . . .     Clarity  .     (armour currently unavailable)
rNeg   + + +     SustAt   .     (no shield)
rPois  +         Gourm    .     (helmet currently unavailable)
rElec  .         Spirit   .     (cloak currently unavailable)
rCorr  .         Warding  .     (gloves currently unavailable)
rMut   .         NoTele   +     (boots currently unavailable)
MR     .....                    (no amulet)
Stlth  +.........               (no ring)
                                (no ring)

@: tree-form, infused, not resistant to hostile enchantments, very unstealthy
A: no striking features
a: no special abilities


You were on level 3 of the Dungeon.
You were not hungry.
You were a tree.
You visited 1 branch of the dungeon, and saw 3 of its levels.

You collected 66 gold pieces.

Inventory:

Hand weapons
 a - a +0 falchion (weapon)
Armour
 b - a +0 leather armour (melded)
Scrolls
 g - a scroll of magic mapping
 j - 2 scrolls of blinking {unknown}
Potions
 e - a potion of degeneration {unknown}
 h - a potion of haste {unknown}
 i - a potion of might {unknown}
 k - a potion of mutation {unknown}
 l - 2 potions of flight {unknown}
 m - a potion of curing {unknown}
 n - a potion of heal wounds {unknown}
 p - a potion of invisibility {unknown}
Books
 c - a book of Battle

   Spells                             Type                      Level
   a - Infusion                       Charms                       1
   b - Shroud of Golubria             Charms/Translocation         2
   c - Song of Slaying                Charms                       2
   d - Spectral Weapon                Hexes/Charms                 3
   e - Regeneration                   Charms/Necromancy            3
Comestibles
 d - a bread ration


   Skills:
 - Level 2.0 Fighting
 + Level 5.9 Long Blades
 - Level 0.8 Armour
 - Level 1.1 Dodging
 - Level 2.4 Spellcasting
 - Level 3.6 Charms


You had 6 spell levels left.
You knew the following spells:

 Your Spells              Type           Power        Failure   Level  Hunger
a - Infusion              Chrm           ##....       6%          1    #......


Dungeon Overview and Level Annotations

Branches:
Dungeon (3/15)

Altars:
Sif Muna


Message History

The orc wizard hits you but does no damage.
You barely miss the orc wizard.
The orc wizard is heavily wounded.
The orc wizard hits you but does no damage. x2
You hit the orc wizard.
The orc wizard is severely wounded.
The orc wizard hits you but does no damage.
You hit the orc wizard.
The orc wizard is severely wounded.
The orc wizard hits you but does no damage.
The orc wizard completely misses you.
You hit the orc wizard.
The orc wizard is severely wounded.
The orc wizard casts a spell at you. The puff of frost hits you!
You barely miss the orc wizard.
The orc wizard is severely wounded.
The orc wizard hits you but does no damage.
You are electrocuted!
You die...

.........#...# #..#.# #.#
#......#.#.#.# ##.#.# #.#
......##.#.### #...# #.#
+.....+#.#.# ######..############
#.....##.#.###.......##..........
..)...+#.#.#.#......)##..........
.........#.#.#.....))............
##########...#######....#########
# ###.#..♣oo'>...# #
#.#'#####....# # #####....#
#....# # #........# #....#
########.####...# #....#
#........# #...# #....#
########## #...# ####.######### #
#...# #.......... # #...#
#..........


You could see an orc wizard and an orc.

Vanquished Creatures
  An orc priest (D:3)
  3 adders
  A worm (D:3)
  4 giant geckos
  3 orcs (D:3)
  A giant cockroach (D:1)
  9 goblins
  3 hobgoblins
  3 jackals (D:1)
  5 kobolds
  3 bats
  2 giant newts (D:2)
  9 rats
47 creatures vanquished.

Notes
Turn   | Place    | Note
--------------------------------------------------------------
     0 | D:1      | kae the High Elf Skald began the quest for the Orb.
     0 | D:1      | Reached XP level 1. HP: 14/14 MP: 4/4
   373 | D:1      | Reached XP level 2. HP: 6/19 MP: 0/6
   700 | D:1      | You fall through a shaft!
   758 | D:2      | Found a deep blue altar of Sif Muna.
   849 | D:1      | Reached skill level 4 in Long Blades
  1244 | D:1      | Reached XP level 3. HP: 24/24 MP: 7/7
  2083 | D:2      | Reached skill level 5 in Long Blades
  2333 | D:3      | Reached XP level 4. HP: 9/29 MP: 1/8
  2553 | D:3      | HP: 1/43 [orc priest/divine providence (9)]
  3075 | D:3      | Mangled by an orc wizard

Vault maps used:
D:1:      dpeg_arrival_central
D:2:      lemuel_coloured_pillars_altar
D:3:      serial_co_window_serial, co_window_paths_a, co_window_paths_a,
          co_window_of_opportunity_a, co_window_corner_a, co_window_paths_a,
          co_window_broadway_a, co_window_corner_b, co_window_broadway_a,
          glass_columns_c, corexii_leaking_fountain, lightli_corner_chamber

Action                   |  1- 3 |  4- 6 || total
-------------------------+-------+-------++-------
Melee: Falchion          |   117 |    41 ||   158
 Cast: Infusion          |     6 |     1 ||     7
  Use: Scroll            |     4 |       ||     4
       Potion            |       |     2 ||     2
 Stab: Sleeping          |     2 |       ||     2
  Eat: Chunk             |     4 |       ||     4
       Bread ration      |       |     1 ||     1
